 Dungeon Crawl Stone Soup version 0.30.0-29-ga12c61a403 (webtiles) character file.

Game seed: 5433858835957512882

180 cheesebisquit the Ruffian (level 5, -1/49 HPs)
             Began as a Troll Gladiator on June 3, 2023.
             Slain by a bullfrog (6 damage)
             ... on level 3 of the Dungeon.
             The game lasted 00:06:19 (2255 turns).

cheesebisquit the Ruffian (Troll Gladiator)         Turns: 2255, Time: 00:06:20

Health: -1/49      AC:  7    Str: 24    XL:     5   Next: 33%
Magic:  4/4        EV: 10    Int: 10    God:
Gold:   212        SH:  0    Dex: 17    Spells: 4/4 levels left

rFire   . .          .
                       - Unarmed
rCold   . . .        (no shield)
rNeg    . . .        n - +0 steam dragon scales
rPois   .            b - +0 hat
rElec   .            (no cloak)
rCorr   .            (gloves unavailable)
SInv    .            (boots unavailable)
Will    .....        (no amulet)
Stlth   ++           i - +6 ring of intelligence
HPRegen 1.08/turn    o - +6 ring of dexterity
MPRegen 0.09/turn

%: no passive effects
@: mighty
A: large, unfitting armour, claws 3, regeneration 1, shaggy fur 1, tough skin 1
a: no special abilities


You were on level 3 of the Dungeon.
You visited 1 branch of the dungeon, and saw 4 of its levels.

You collected 212 gold pieces.

Inventory:

Missiles
 c - 3 throwing nets (quivered)
 d - a large rock
 h - 5 atropa-tipped darts
 v - 8 boomerangs
 w - 6 poisoned darts
Armour
 b - a +0 hat (worn)
 n - +0 steam dragon scales (worn)
Jewellery
 i - a +6 ring of intelligence (left claw)
 o - a +6 ring of dexterity (right claw)
 r - a ring of protection from fire
Wands
 y - a wand of iceblast (14)
Scrolls
 a - a scroll of immolation {unknown}
 e - a scroll of teleportation {unknown}
 g - a scroll of amnesia {unknown}
 j - a scroll of magic mapping
 k - a scroll of silence {unknown}
 m - 2 scrolls of identify {unknown}
 q - a scroll of enchant armour {unknown}
 s - a scroll of enchant weapon {unknown}
Potions
 f - a potion of invisibility {unknown}
 l - a potion of brilliance {unknown}
 t - a potion of magic {unknown}
 u - a potion of might
 x - a potion of flight {unknown}
 z - a potion of heal wounds
 A - a potion of degeneration {unknown}


   Skills:
 + Level 2.2 Fighting
 + Level 2.4 Throwing
 - Level 2.4 Dodging
 * Level 5.4 Unarmed Combat


You had 4 spell levels left.
You didn't know any spells.
Your spell library was empty.

Dungeon Overview and Level Annotations

Branches:
Dungeon (4/15)
 Temple: D:4-7

Altars:
The Shining One

Annotations:
D:3 Pikel


Innate Abilities, Weirdness & Mutations

You are too large for most types of armour.
You have claws for hands.
Your natural rate of healing is unusually fast.
You are covered in fur. (AC +1)
You have tough skin. (AC +1)


Message History

You feel very mighty all of a sudden. The bullfrog hits you.
Pikel hits you with a +1 whip of flaming.
Pikel burns you. The bullfrog hits you.
* * * LOW HITPOINT WARNING * * *
It was a potion of heal wounds.
You feel much better.
The bullfrog hits you but does no damage.
Pikel zaps a wand.
You resist with some effort.
You scratch the bullfrog.
The bullfrog is almost dead.
The bullfrog barely misses you. Pikel barely misses you.
The bullfrog hits you but does no damage.
You bump into the rock wall.
The bullfrog hits you.
Pikel zaps a wand.
You resist with some effort.
You bump into the rock wall.
The bullfrog closely misses you.
Pikel zaps a wand.
You resist with some effort.
The now-empty wand crumbles to dust.
The bullfrog hits you but does no damage.
You bump into the rock wall.
You feel less confused. The bullfrog hits you.
Pikel hits you with a +1 whip of flaming.
Pikel burns you.
You barely miss Pikel. The bullfrog barely misses you.
Pikel hits you with a +1 whip of flaming.
Pikel burns you.
You closely miss Pikel. The bullfrog barely misses you.
Pikel closely misses you. The bullfrog hits you.
You claw Pikel!
Pikel is moderately wounded.
The bullfrog hits you.
* * * LOW HITPOINT WARNING * * *
Pikel hits you with a +1 whip of flaming.
* * * LOW HITPOINT WARNING * * *
Pikel burns you.
* * * LOW HITPOINT WARNING * * *
You claw Pikel!
Pikel is heavily wounded.
The bullfrog hits you.
You die...

....#####............#
.......##...###......#
............# #......#
..#.##.#...)###......#
#.#.....>..))[...#####
..........######.#
..........## #.#
#..........# #F#
.........#.# #@#
#>.......#.### #K#
##...........# #5#
...........#.# #.#
#..........#.###.#
.............)...#
..............#.####
#..................#
#.........##.......#


You could see Pikel, a lemure and a bullfrog.

Vanquished Creatures
  3 lemures (D:3)
  A bullfrog (D:4)
  Ijyb (D:3)
  Robin (D:3)
  An adder (D:2)
  A worm (D:2)
  A dart slug (D:3)
  3 orcs (D:4)
  3 bats
  6 endoplasms
  A giant cockroach (D:3)
  10 goblins
  11 hobgoblins
  3 kobolds
  3 quokkas
  5 ball pythons
  2 frilled lizards (D:1)
  3 rats
59 creatures vanquished.

Vanquished Creatures (others)
  A ball python (D:3)
1 creature vanquished.

Grand Total: 60 creatures vanquished

Notes
Turn   | Place    | Note
-------+----------+-------------------------------------------
     0 | D:1      | cheesebisquit the Troll Gladiator began the quest for the
                  | Orb.
     0 | D:1      | Reached XP level 1. HP: 19/19 MP: 0/0
   219 | D:1      | Reached XP level 2. HP: 26/27 MP: 1/1
   745 | D:2      | Reached skill level 4 in Unarmed Combat
   769 | D:2      | Found a glowing golden altar of the Shining One.
   898 | D:2      | Reached XP level 3. HP: 33/33 MP: 2/2
  1612 | D:3      | Noticed Robin
  1638 | D:3      | Killed Robin
  1639 | D:3      | Reached XP level 4. HP: 29/42 MP: 3/3
  1767 | D:3      | Noticed Ijyb
  1778 | D:3      | Killed Ijyb
  1781 | D:3      | Reached skill level 5 in Unarmed Combat
  2069 | D:4      | Noticed a bullfrog
  2072 | D:4      | Killed a bullfrog
  2073 | D:4      | Reached XP level 5. HP: 44/49 MP: 4/4
  2176 | D:4      | Noticed Pikel
  2176 | D:4      | Noticed a lemure
  2176 | D:4      | Noticed a lemure
  2177 | D:4      | Noticed a lemure
  2179 | D:4      | Noticed a lemure
  2208 | D:3      | Killed a lemure
  2219 | D:3      | Killed a lemure
  2224 | D:3      | Killed a lemure
  2255 | D:3      | Slain by a bullfrog

Illustrated notes

Levels and vault maps discovered:
D:1:      wander_arrival_fairy_ring, layout_basic, minmay_misc_feat_ornament
D:2:      layout_basic, basic_altar, nicolae_concentric_dashed_squares_mild,
          grunt_ministairs_11
D:3:      layout_rooms, uniq_ijyb, uniq_robin
D:4:      layout_cave_pools, nicolae_gozag_zags_fifth_avenue,
          guppyfry_early_orc_mine, uniq_pikel

Skill      XL: |  1  2  3  4 |
---------------+-------------+-----
Unarmed Combat | 4 5 |  5.4
Throwing       | 2 |  2.4
Fighting       | 2 |  2.2
Dodging        | |  2.4

Action                     |  1- 3 |  4- 6 || total
---------------------------+-------+-------++-------
  Melee: Unarmed           |    99 |    75 ||   174
         Punch             |     2 |     4 ||     6
    Use: Potion            |     1 |     4 ||     5
         Scroll            |       |     1 ||     1
   Stab: Sleeping          |     1 |       ||     1
 Armour: Robe              |     6 |       ||     6
         Steam dragon scal |    18 |    39 ||    57
  Dodge: Dodged            |    43 |    55 ||    98
